 Dungeon Crawl Stone Soup version 0.30-a0-618-gd6c86c23d0 (webtiles) character file.

Game seed: 9832447096510440438

244 NinjaNoafa the Trooper (level 5, -10/43 HPs)
             Began as a Demonspawn Monk on Jan 9, 2023.
             Mangled by an ogre
             ... wielding a +0 giant club
              (17 damage)
             ... on level 4 of the Dungeon.
             The game lasted 00:06:26 (3019 turns).

NinjaNoafa the Trooper (Demonspawn Monk)            Turns: 3019, Time: 00:06:26

Health: -10/43     AC:  5    Str: 11    XL:     5   Next: 83%
Magic:  5/5        EV: 13    Int: 12    God:
Gold:   34         SH:  0    Dex: 17    Spells: 4/4 levels left

rFire   . . .      SeeInvis .    a - +0 long sword
rCold   . . .      Faith    .    t - orb {*Rage}
rNeg    . . .      Spirit   .    m - +0 leather armour
rPois   .          Reflect  .    (no helmet)
rElec   .          Harm     .    C - +0 cloak
rCorr   .          Rampage  .    (no gloves)
Will    .....      Rage     20%  B - +0 pair of boots
Stlth   ++                       x - amulet of regeneration
HPRegen 1.07/turn                (no ring)
MPRegen 0.09/turn                (no ring)

@: on berserk cooldown
A: hooves 1, demonic guardian 1
a: no special abilities


You were on level 4 of the Dungeon.
You visited 1 branch of the dungeon, and saw 4 of its levels.

You collected 166 gold pieces.
You spent 132 gold pieces at shops.

Inventory:

Hand Weapons
 a - a +0 long sword (weapon)
 b - a +1 dagger of venom
Missiles
 y - 11 poisoned darts (quivered)
Armour
 m - a +0 leather armour (worn)
 t - an orb of wrath (worn)
 B - a +0 pair of boots (worn)
 C - a +0 cloak (worn)
Jewellery
 c - a ring of ice
 d - a ring of fire
 l - a ring of ice
 x - an amulet of regeneration (around neck)
Scrolls
 g - 3 scrolls of teleportation
 j - a scroll of blinking {unknown}
 o - 2 scrolls of poison
 p - a scroll of enchant weapon {unknown}
 q - 3 scrolls of noise
 r - 2 scrolls of enchant armour
 s - 3 scrolls of vulnerability
 w - a scroll of magic mapping {unknown}
 z - a scroll of brand weapon
 A - a scroll of butterflies {unknown}
 D - a scroll of silence {unknown}
 E - a scroll of fear
Potions
 e - a potion of degeneration
 h - a potion of mutation
 i - 2 potions of curing
 k - a potion of heal wounds
 n - a potion of attraction
 u - a potion of flight
 v - a potion of brilliance


   Skills:
 + Level 4.3 Fighting
 - Level 1.8(2.6) Short Blades
 - Level 2.6(3.0) Long Blades
 + Level 3.8 Dodging
 + Level 3.5 Stealth


You had 4 spell levels left.
You didn't know any spells.
Your spell library contained the following spells:

 Spells                   Type           Power      Damage    Failure   Level
 Frozen Ramparts          Ice            0%         1d1       78%         3
 Ice Form                 Ice/Tmut       0%         N/A       99%         4
 Summon Ice Beast         Ice/Summ       0%         N/A       99%         4
 Malign Gateway           Summ/Tloc      0%         N/A       100%        7
 Summon Horrible Things   Summ           0%         N/A       100%        8


Dungeon Overview and Level Annotations

Branches:
Dungeon (4/15)
 Temple: D:4-7

Altars:
Dithmenos
Makhleb
Trog

Shops:
D:3 ?


Innate Abilities, Weirdness & Mutations

You have large cloven feet.
A weak demonic guardian rushes to your aid.


Message History

The iguana closely misses you.
You slash the iguana!
You kill the iguana!
You feel your dexterity returning.
You feel a strong urge to attack something.
You are no longer berserk.
You are exhausted.
You feel yourself slow down.
There is an escape hatch in the ceiling here.
Found a stone staircase leading up.
There is a stone staircase leading down here.
An ogre comes into view. It is wielding a +0 giant club.
Found a scroll of noise.
Found a metallic blue potion.
Found 5 gold pieces.
Found a scroll of identify.
The helpless ogre fails to defend itself.
You slash the ogre!
The ogre is moderately wounded.
The ogre barely misses you.
You slash the ogre!
The ogre is heavily wounded.
The ogre misses you. The ogre barely misses you.
You slash the ogre!
The ogre is almost dead.
The ogre hits you but does no damage.
You barely miss the ogre.
The ogre is almost dead.
The ogre hits you with a +0 giant club!
You hit the ogre.
The ogre is almost dead.
The ogre barely misses you.
You hit the ogre but do no damage.
The ogre is almost dead.
You feel yourself speed up.
The ogre hits you with a +0 giant club!!
Ouch! That really hurt!
* * * LOW HITPOINT WARNING * * *
A demonic guardian appears!
The ogre hits you with a +0 giant club!
You die...

...? #. ..... ###..
..$.# .#.... ....##
...!.. .....#.
......###.<.....
......O#......##
#..@......?#
#.5.........
###.........
#####.........
####...>.........
#.##....#........
###.##<...#........
#.......#........#.
##......#.......###..


You could see an ogre (ally target) and a friendly ufetubus (summoned).

Vanquished Creatures
  A phantom (D:3)
  An iguana (D:4)
  A gnoll (D:1)
  3 adders
  3 worms
  2 orcs (D:3)
  6 endoplasms
  A giant cockroach (D:2)
  11 goblins
  6 hobgoblins
  A jackal (D:3)
  9 kobolds
  2 quokkas
  5 ball pythons
  11 bats
  3 frilled lizards
  6 rats
72 creatures vanquished.

Vanquished Creatures (collateral kills)
  Robin (D:3)
  An adder (D:2)
  A bat (D:1)
  A goblin (D:2)
4 creatures vanquished.

Grand Total: 76 creatures vanquished

Notes
Turn   | Place    | Note
-------+----------+-------------------------------------------
     0 | D:1      | NinjaNoafa the Demonspawn Monk began the quest for the Orb.
     0 | D:1      | Reached XP level 1. HP: 18/18 MP: 1/1
   274 | D:1      | Gained mutation: A weak demonic guardian rushes to your
                  | aid. [demonic ancestry]
   274 | D:1      | Reached XP level 2. HP: 24/24 MP: 2/2
   347 | D:1      | Reached skill level 1 in Short Blades
   469 | D:1      | Reached XP level 3. HP: 28/29 MP: 3/3
   935 | D:2      | Found a faded altar of an unknown god.
  1483 | D:2      | Gained mutation: You have large cloven feet. [demonic
                  | ancestry]
  1483 | D:2      | Reached XP level 4. HP: 31/31 MP: 4/4
  2081 | D:3      | Noticed a phantom
  2096 | D:3      | Killed a phantom
  2097 | D:3      | Reached skill level 4 in Fighting
  2097 | D:3      | Reached XP level 5. HP: 41/42 MP: 5/5
  2243 | D:3      | Found a bloodstained altar of Trog.
  2299 | D:3      | Found Napluo's Magic Scroll Emporium.
  2312 | D:3      | Bought a scroll of noise for 11 gold pieces
  2312 | D:3      | Bought a scroll of identify for 22 gold pieces
  2312 | D:3      | Bought a scroll of teleportation for 33 gold pieces
  2312 | D:3      | Bought a scroll of fear for 44 gold pieces
  2313 | D:3      | Bought a scroll of identify for 22 gold pieces
  2514 | D:3      | Noticed Robin
  2533 | D:3      | Killed Robin
  2625 | D:3      | Found a shadowy altar of Dithmenos.
  2626 | D:3      | Found a burning altar of Makhleb.
  3009 | D:4      | Noticed an ogre
  3019 | D:4      | Mangled by an ogre

Illustrated notes

Levels and vault maps discovered:
D:1:      sevenhm_arrival_forest_fort_small_6, layout_loops_ring
D:2:      layout_loops_corners, hellmonk_ecumenical_altar_leap_of_faith,
          chequers_serial_rivers_micro_c, minmay_misc_feat_ornament,
          minmay_goblin_kobold_house
D:3:      minmay_thinvault, layout_basic, trog_three_pillars_becter,
          gammafunk_temple_overflow_pools, serial_shops,
          nicolae_shop_hallway_plus, uniq_robin
D:4:      layout_cave_pools, minmay_temple_entry_wispy, uniq_edmund,
          uniq_blork_the_orc, uniq_grinder

Skill      XL: |  1  2  3  4 |
---------------+-------------+-----
Stealth        | 2 3 |  3.5
Dodging        | 3 |  3.8
Short Blades   | 1 |  1.8
Fighting       | 4 |  4.3
Long Blades    | |  2.6

Action                   |  1- 3 |  4- 6 || total
-------------------------+-------+-------++-------
Melee: Dagger            |    60 |       ||    60
       Falchion          |    25 |    27 ||    52
       Long sword        |       |    64 ||    64
       Kick              |       |    11 ||    11
  Use: Potion            |     1 |     3 ||     4
       Scroll            |       |     8 ||     8
 Stab: Sleeping          |     7 |     7 ||    14
       Distracted        |       |     1 ||     1
Armor: Robe              |     2 |       ||     2
       Leather armour    |    22 |    36 ||    58
Dodge: Dodged            |    53 |    91 ||   144

Table legend: (Time is in decaauts)
 A = Elapsed time spent in this place.
 B = Non-inter-level travel time spent in this place.
 C = Inter-level travel time spent in this place.
 D = Time resting spent in this place.
 E = Time spent auto-exploring this place.
 F = Levels seen in this place.
 G = Mean time per level.
                   A        B        C        D        E       F      G
               +--------+--------+--------+--------+--------+-----+--------+
         Total |   3142 |   3014 |    128 |      0 |   2279 |   4 |  785.5 |
       Dungeon |   3142 |   3014 |    128 |      0 |   2279 |   4 |  785.5 |
               +--------+--------+--------+--------+--------+-----+--------+

Top non-repeatable levels by time:
     D:3: 1274 daAuts
     D:2: 1118 daAuts
     D:1: 697 daAuts
     D:4: 51 daAuts
